 Dungeon Crawl Stone Soup version 0.28-a0-909-g796cbd3a86 (webtiles) character file.

Game seed: 17864751262787235333

29010 devnull the Fighter (level 13, -1/119 HPs)
             Began as a Minotaur Abyssal Knight on Nov 25, 2021.
             Was a Priest of Lugonu.
             Slain by a cyan ugly thing (9 damage)
             ... on level 14 of the Dungeon.
             The game lasted 00:35:53 (21413 turns).

devnull the Fighter (Minotaur Abyssal Knight)      Turns: 21413, Time: 00:35:53

Health: -1/119     AC: 20    Str: 22    XL:     13   Next: 12%
Magic:  18/19      EV:  7    Int:  9    God:    Lugonu [***...]
Gold:   836        SH:  5    Dex: 16    Spells: 12/12 levels left

rFire   . . .      SeeInvis .   a - +2 hand axe (vamp)
rCold   . . .      Faith    .   (no shield)
rNeg    . . .      Spirit   .   y - +0 plate armour
rPois   .          Reflect  +   (helmet restricted)
rElec   .          Harm     .   N - +2 cloak
rCorr   .          Rampage  .   r - +0 pair of gloves {archery}
Will    .....                   (no boots)
Stlth   ..........              B - amulet of Dusurr {Reflect Int+2 Dex+4 Slay+2 SH+5}
HPRegen 0.29/turn               (no ring)
MPRegen 0.16/turn               (no ring)

@: no status effects
A: horns 2, retaliatory headbutt
a: Renounce Religion, Depart the Abyss, Bend Space, Banish


You were on level 14 of the Dungeon.
You worshipped Lugonu.
Lugonu was most pleased with you.
You visited 1 branch of the dungeon, and saw 14 of its levels.
You visited the Abyss 1 time.

You collected 836 gold pieces.

Inventory:

Hand Weapons
 a - a +2 vampiric hand axe (weapon)
 b - a +2 hunting sling of freezing
Missiles
 h - 783 stones
 l - 7 throwing nets
 q - 9 curare-tipped darts
 t - 82 poisoned darts
 w - 88 sling bullets
Armour
 r - a +0 pair of gloves of archery (worn)
 y - a +0 plate armour (worn)
 N - a +2 cloak (worn)
Jewellery
 i - a ring of protection from cold
 B - the amulet of Dusurr (around neck) {Reflect Int+2 Dex+4 Slay+2 SH+5}
   (You acquired it on level 5 of the Dungeon)

   [amulet of reflection]

   It reflects blocked missile attacks.
   Int:       It affects your intelligence (+2).
   Dex:       It affects your dexterity (+4).
   Slay:      It affects your accuracy & damage with ranged weapons and melee
   (+2).
   SH:        It affects your SH (+5).
 E - a ring of fire
 F - a ring of resist corrosion
 K - a ring of protection from fire
 O - a ring of flight
 Q - a ring of fire
 S - a +4 ring of evasion
 U - a +4 ring of evasion
 W - a +4 ring of slaying
 Y - a ring of protection from cold
Wands
 H - a wand of iceblast (14)
 J - a wand of paralysis (14)
 P - a wand of mindburst (23)
 T - a wand of charming (7)
 X - a wand of polymorph (17)
Scrolls
 c - 3 scrolls of noise
 d - 2 scrolls of fog
 e - 2 scrolls of immolation {unknown}
 g - a scroll of summoning {unknown}
 j - 6 scrolls of enchant armour
 k - 3 scrolls of enchant weapon {unknown}
 m - 3 scrolls of vulnerability
 o - 4 scrolls of teleportation
 s - 3 scrolls of silence
 v - a scroll of magic mapping {unknown}
 z - 3 scrolls of blinking
 C - a scroll of brand weapon {unknown}
 D - 2 scrolls of torment
 G - a scroll of amnesia {unknown}
 I - a scroll of fear
 M - a scroll of holy word
Potions
 f - 4 potions of curing
 n - a potion of flight {unknown}
 p - 4 potions of degeneration {unknown}
 u - 4 potions of attraction {unknown}
 x - a potion of lignification {unknown}
 A - a potion of magic {unknown}
 L - a potion of haste {unknown}
 R - a potion of brilliance {unknown}
 V - 3 potions of heal wounds {unknown}
 Z - a potion of might {unknown}


   Skills:
 + Level 12.7 Fighting
 + Level 12.3 Axes
 + Level 11.0 Slings
 + Level 12.3 Armour
 - Level 1.1 Dodging
 + Level 10.4 Invocations


You had 12 spell levels left.
You didn't know any spells.
Your spell library contained the following spells:

 Spells                   Type           Power      Damage    Failure   Level
 Slow                     Hex            0%         N/A       99%         1
 Blink                    Tloc           0%         N/A       100%        2
 Scorch                   Fire           0%         2d5       100%        2
 Confusing Touch          Hex            0%         N/A       100%        3
 Gell's Gravitas          Tloc           0%         N/A       100%        3
 Lesser Beckoning         Tloc           0%         N/A       100%        3
 Summon Guardian Golem    Hex/Summ       0%         N/A       100%        3
 Teleport Other           Tloc           0%         N/A       100%        3
 Airstrike                Air            0%         N/A       100%        4
 Flame Wave               Conj/Fire      0%         3d3       100%        4
 Summon Lightning Spire   Summ/Air       0%         N/A       100%        4
 Lightning Bolt           Conj/Air       0%         1d11      100%        5
 Manifold Assault         Tloc           0%         N/A       100%        5
 Summon Forest            Summ/Tloc      0%         N/A       100%        5
 Summon Mana Viper        Hex/Summ       0%         N/A       100%        5
 Yara's Violent Unravell  Hex/Tmut       0%         3d3       100%        5
 Summon Cactus Giant      Summ           0%         N/A       100%        6
 Orb of Destruction       Conj           0%         N/A       100%        7
 Spellforged Servitor     Conj/Summ      0%         N/A       100%        7
 Storm Form               Tmut/Air       0%         N/A       100%        7


Dungeon Overview and Level Annotations

Branches:
Dungeon (14/15)            Temple (0/1) D:6            Lair (0/6) D:11
    Orc (0/2) D:11         Vaults (0/5) D:14

Altars:
Kikubaaqudgha

Annotations:
Abyss:1 Eustachio, Louise, Psyche, Rupert, Urug


Innate Abilities, Weirdness & Mutations

You have a pair of horns on your head.
You reflexively headbutt those who attack you in melee.


Message History

The cyan ugly thing is almost dead.
The cyan ugly thing tail-slaps you. The cyan ugly thing shocks you!
You closely miss the cyan ugly thing.
The cyan ugly thing is almost dead.
You hit the white ugly thing. The white ugly thing headbutts you.
The white ugly thing freezes you!!
You are too injured to fight recklessly!
You are too injured to fight recklessly!
You are too injured to fight recklessly!
The cyan ugly thing tail-slaps you but does no damage.
You block the cyan ugly thing's attack.
There is an open door here.
The white ugly thing headbutts you but does no damage.
Aiming: Paralyse
Press: ? - help, Shift-Dir - straight line, f/p - cyan ugly thing
Aim: a cyan ugly thing (almost dead, chance to affect: 28%)
Okay, then.
Unknown command.
Unknown command.
Okay, then.
Unknown command.
Unknown command.
Unknown command.
Unknown command.
Unknown command.
You slash the white ugly thing!
The white ugly thing is lightly wounded.
You hit the white ugly thing.
Your headbutt misses the white ugly thing.
The white ugly thing is lightly wounded.
The white ugly thing headbutts you. The white ugly thing freezes you!!
* * * LOW HITPOINT WARNING * * *
Okay, then.
Okay, then.
Unknown command.
Okay, then.
Unknown command.
Space bends violently around you!
You blink.
The cyan ugly thing tail-slaps you!
You die...

#.# #.. #.#
###'####### #.#
#...((....# ######.#
#....(....# .....#.#
#.........# ####...##
#.........# ###....#
#.........#
#.##...#####.....)...#
#.# #..§uu@.........#
#.# #######.........#
#.# #####'##### #.#
##.# #.# #<.# #.# #.##
##'##### #.# #......#
###'### #####......#
#..<..#


You could see 2 ugly things.

Vanquished Creatures
  Snorg (D:13)
  A hydra (D:7)
  3 two-headed ogres
  4 skeletal warriors
  A necromancer (D:14)
  A lindwurm (D:14)
  A phantasmal warrior (D:14)
  A deep elf pyromancer (D:14)
  2 ugly things
  4 cyclopes
  A gargoyle (D:12)
  3 freezing wraiths (D:13)
  2 hornets
  3 trolls
  A raiju (shapeshifter) (D:14)
  3 slime creatures (D:12)
  A vampire (D:11)
  4 wraiths
  2 wyverns
  A steam dragon (D:9)
  12 yaks
  13 vampire mosquitoes
  2 basilisks (D:11)
  An acid dragon (D:12)
  Duvessa (D:5)
  A water moccasin (D:8)
  2 black bears
  3 sky beasts
  4 orc warriors
  3 ogres
  An ogre (shapeshifter) (D:14)
  6 centaurs
  8 kobold brigands
  4 scorpions
  4 bullfrogs
  A water moccasin zombie (D:6)
  A water moccasin skeleton (D:3)
  Dowan (D:5)
  11 wights
  6 killer bees
  3 vampire bats (D:13)
  3 howler monkeys
  6 electric eels
  5 centaur zombies
  A hound (D:4)
  A bullfrog zombie (D:6)
  10 orc priests
  A gnoll shaman (D:7)
  An iguana (D:7)
  10 orc wizards
  A killer bee zombie (D:7)
  12 gnolls
  5 adders
  A shadow imp (D:6)
  3 worms
  2 dart slugs
  21 orcs
  10 endoplasms
  A giant cockroach (D:1)
  7 goblins
  10 hobgoblins
  87 kobolds
  3 quokkas
  10 ball pythons
  15 bats
  3 frilled lizards
  6 rats
363 creatures vanquished.

Vanquished Creatures (others)
  A sky beast (D:7)
  A fungus (D:11)
  13 plants
  A withered plant (D:5)
16 creatures vanquished.

Grand Total: 379 creatures vanquished

Notes
Turn   | Place    | Note
-------+----------+-------------------------------------------
     0 | Abyss:1  | devnull the Minotaur Abyssal Knight began the quest for the
                  | Orb.
     0 | Abyss:1  | Reached XP level 1. HP: 19/19 MP: 1/1
    26 | Abyss:1  | Noticed a vampire mage
    73 | D:1      | Escaped the Abyss
   566 | D:1      | Reached XP level 2. HP: 27/27 MP: 2/2
   723 | D:1      | Found a faded altar of an unknown god.
   793 | D:1      | Reached * piety under Lugonu
  1735 | D:2      | Reached XP level 3. HP: 33/33 MP: 3/3
  2512 | D:3      | Reached skill level 1 in Slings
  2539 | D:3      | Noticed a black bear
  2558 | D:2      | Killed a black bear
  2559 | D:2      | Reached XP level 4. HP: 40/41 MP: 3/5
  2559 | D:2      | Reached XP level 5. HP: 46/47 MP: 3/6
  2627 | D:3      | Reached ** piety under Lugonu
  3425 | D:3      | Reached skill level 5 in Fighting
  3539 | D:4      | Reached XP level 6. HP: 47/56 MP: 7/7
  4281 | D:5      | Entered Level 5 of the Dungeon
  4348 | D:5      | Noticed Dowan
  4355 | D:5      | Killed Dowan
  4358 | D:5      | Noticed Duvessa
  4391 | D:5      | Killed Duvessa
  4392 | D:5      | Reached XP level 7. HP: 7/61 MP: 1/8
  4743 | D:5      | Reached skill level 5 in Axes
  4743 | D:5      | Reached skill level 5 in Armour
  4815 | D:5      | Found an ancient bone altar of Kikubaaqudgha.
  5323 | D:5      | Reached *** piety under Lugonu
  5399 | D:5      | Noticed Eustachio
  5402 | D:5      | Banished Eustachio
  5403 | D:5      | Reached XP level 8. HP: 71/71 MP: 5/10
  6353 | D:5      | Identified 2 scrolls of acquirement
  6353 | D:5      | Acquired the amulet of Dusurr {Reflect Int+2 Dex+4 Slay+2
                  | SH+5}
  6941 | D:6      | Reached skill level 5 in Invocations
  7003 | D:6      | Reached skill level 5 in Slings
  7397 | D:6      | Reached **** piety under Lugonu
  7741 | D:6      | Reached XP level 9. HP: 75/79 MP: 12/12
  8258 | D:6      | Found a staircase to the Ecumenical Temple.
  8865 | D:7      | Noticed a troll
  8867 | D:7      | Identified the +5 falchion "Killer Klown's Peril" {pain,
                  | Int+2 Dex+5}
  8872 | D:7      | Killed a troll
  8904 | D:7      | Noticed a troll
  9198 | D:7      | Killed a troll
  9590 | D:7      | Acquired a +0 pair of gloves of archery
  9670 | D:7      | Noticed a four-headed hydra
  9679 | D:7      | Killed a four-headed hydra
  9680 | D:7      | Reached XP level 10. HP: 90/90 MP: 12/14
  9689 | D:7      | Noticed a boulder beetle
  9708 | D:7      | Reached ***** piety under Lugonu
  9708 | D:7      | Banished a boulder beetle
 10031 | D:7      | Noticed a cyclops
 10062 | D:7      | Killed a cyclops
 10272 | D:7      | Noticed a cyclops
 10276 | D:7      | Killed a cyclops
 10852 | D:8      | Noticed a two-headed ogre
 10862 | D:8      | Killed a two-headed ogre
 11497 | D:9      | Paralysed by a hornet for 3 turns
 11803 | D:9      | Reached skill level 10 in Fighting
 11814 | D:9      | Reached XP level 11. HP: 89/99 MP: 15/15
 12260 | D:9      | Noticed Psyche
 12282 | D:9      | Banished Psyche
 12293 | D:10     | Entered Level 10 of the Dungeon
 12588 | D:9      | Reached skill level 10 in Axes
 12593 | D:9      | Reached skill level 10 in Armour
 12658 | D:9      | Noticed a two-headed ogre
 12667 | D:9      | Killed a two-headed ogre
 13371 | D:10     | Noticed Urug
 13374 | D:10     | Banished Urug
 13628 | D:11     | Noticed an orc knight
 13650 | D:11     | Banished an orc knight
 13657 | D:11     | HP: 2/101 [orc warrior[an orc knight] (16)]
 14106 | D:11     | Noticed a brown ugly thing
 14130 | D:11     | Killed a brown ugly thing
 14480 | D:11     | Found a staircase to the Lair.
 14912 | D:11     | Found a staircase to the Orcish Mines.
 15013 | D:11     | You fall into a shaft and drop 1 floor!
 15221 | D:12     | Reached XP level 12. HP: 110/110 MP: 17/17
 15429 | D:12     | Noticed Rupert
 15433 | D:12     | Banished Rupert
 16333 | D:12     | Noticed a boulder beetle
 16341 | D:12     | Banished a boulder beetle
 16342 | D:12     | Reached skill level 10 in Slings
 18356 | D:13     | Noticed a death knight
 18357 | D:13     | Banished a death knight
 18566 | D:13     | Noticed a two-headed ogre
 18574 | D:13     | Killed a two-headed ogre
 18902 | D:13     | Reached skill level 10 in Invocations
 19153 | D:13     | Noticed Snorg
 19165 | D:13     | Killed Snorg
 19365 | D:13     | Noticed a two-headed ogre
 19366 | D:13     | Banished a two-headed ogre
 19620 | D:14     | Noticed Louise
 19624 | D:14     | Banished Louise
 19745 | D:14     | Reached XP level 13. HP: 77/119 MP: 19/19
 21243 | D:14     | Found a gate to the Vaults.
 21413 | D:14     | Slain by a cyan ugly thing

Illustrated notes

Levels and vault maps discovered:
D:1:      minmay_arrival_wavy_path, layout_basic,
          chequers_ecumenical_altar_simple_redux
D:2:      minmay_razor_zed, layout_basic
D:3:      minmay_wonky_spiral, layout_basic
D:4:      layout_cave_pools, minmay_unequal
D:5:      kennysheep_kobold_camp, layout_basic, kiku_gazebo_garden_becter,
          uniq_eustachio, uniq_duvessa
D:6:      minmay_goblin_kobold_castle, layout_loops_ring,
          minmay_temple_entry_proselytizer, minmay_misc_feat_hallway
D:7:      minmay_the_grid_triangle_9x9_rhombus_thin
          [minmay_the_grid_triangle_9x9_impossible_snake,
          minmay_the_grid_triangle_9x9_prize_schism,
          minmay_the_grid_triangle_9x9_warning,
          minmay_the_grid_triangle_9x9_negative_grid], layout_basic
D:8:      layout_cave_pools
D:9:      layout_basic, minmay_bent, uniq_psyche
D:10:     layout_basic, uniq_urug
D:11:     layout_loops_ring, david_lair_generic, orc_0_dummy
D:12:     layout_basic, uniq_rupert
D:13:     nicolae_cairo_tiling_very_big, layout_rooms, roderic_batcave,
          minmay_misc_feat_tower, uniq_snorg
D:14:     layout_roguey, david_vaults_4, nicolae_ru_sacrificial_ziggurat,
          serial_park_tiny_2, uniq_louise

Skill      XL: |  1  2  3  4  5  6  7  8  9 10 11 12 13 |
---------------+----------------------------------------+-----
Fighting       | 4 5 6 7 8 10 11 12 | 12.7
Invocations    | 2 3 4 5 6 7 9 10 | 10.4
Axes           | 3 4 5 6 8 9 10 12 | 12.3
Armour         | 3 4 5 6 8 9 10 12 | 12.3
Slings         | 1 2 3 4 5 6 8 9 10 11 | 11.0
Dodging        | |  1.1

Action                   |  1- 3 |  4- 6 |  7- 9 | 10-12 | 13-15 || total
-------------------------+-------+-------+-------+-------+-------++-------
Melee: Hand axe          |    76 |    61 |   246 |   506 |    41 ||   930
       Headbutt          |    12 |    13 |    55 |   133 |    17 ||   230
 Fire: Hunting sling     |    26 |    86 |   150 |   226 |    56 ||   544
Throw: Throwing net      |       |       |       |     1 |       ||     1
Invok: Depart the Abyss  |     1 |       |       |       |       ||     1
       Bend Space        |       |     8 |       |     1 |     6 ||    15
       Banish            |       |       |     2 |    20 |       ||    22
  Use: Scroll            |     2 |       |     3 |     6 |     4 ||    15
       Potion            |       |       |       |     5 |       ||     5
Armor: Leather armour    |    25 |       |       |       |       ||    25
       Scale mail        |    14 |    45 |   110 |     6 |       ||   175
       Chain mail        |       |       |       |    23 |       ||    23
       Plate armour      |       |       |       |   247 |    23 ||   270
Dodge: Dodged            |    51 |    32 |    91 |   150 |     9 ||   333
Block: Other             |       |       |    31 |   114 |     8 ||   153
       Reflection        |       |       |       |     7 |       ||     7

Table legend: (Time is in decaauts)
 A = Elapsed time spent in this place.
 B = Non-inter-level travel time spent in this place.
 C = Inter-level travel time spent in this place.
 D = Time resting spent in this place.
 E = Time spent auto-exploring this place.
 F = Levels seen in this place.
 G = Mean time per level.
                   A        B        C        D        E       F      G
               +--------+--------+--------+--------+--------+-----+--------+
         Total |  21234 |  20554 |    680 |   4229 |  13367 |  15 | 1415.6 |
       Dungeon |  21161 |  20481 |    680 |   4229 |  13367 |  14 | 1511.5 |
         Abyss |     73 |     73 |      0 |      0 |      0 |   1 |   73.0 |
               +--------+--------+--------+--------+--------+-----+--------+

Top non-repeatable levels by time:
    D:12: 2830 daAuts
     D:6: 2616 daAuts
    D:13: 2336 daAuts
     D:7: 1885 daAuts
     D:5: 1861 daAuts
    D:11: 1447 daAuts
     D:1: 1312 daAuts
     D:9: 1305 daAuts
     D:2: 1140 daAuts
    D:14: 1134 daAuts
     D:3: 904 daAuts
     D:4: 862 daAuts
    D:10: 802 daAuts
     D:8: 720 daAuts
 Abyss:1: 73 daAuts
